 Dungeon Crawl Stone Soup version 0.21-a0-110-g8e1637b (webtiles) character file.

2495 wazuzu the Destroyer (level 9, -2/48 HPs)
             Began as a Tengu Wizard on July 10, 2017.
             Was a Believer of Kikubaaqudgha.
             Slain by a two-headed ogre
             ... wielding a cursed -3 giant club
              (21 damage)
             ... on level 8 of the Dungeon.
             The game lasted 00:33:03 (9214 turns).

wazuzu the Destroyer (Tengu Wizard)                 Turns: 9214, Time: 00:33:08

Health: -2/48      AC:  6    Str:  9    XL:     9   Next: 52%
Magic:  0/30       EV: 16    Int: 21    God:    Kikubaaqudgha [**....]
Gold:   418        SH:  0    Dex: 12    Spells: 6/14 levels left

rFire    . . .     SeeInvis .   b - staff of power
rCold    + . .     Gourm    .   (no shield)
rNeg     . . .     Faith    .   j - +0 steam dragon scales
rPois    .         Spirit   +   E - +0 hat
rElec    .         Reflect  .   (no cloak)
rCorr    .         Harm     .   N - +0 pair of gloves
MR       .....                  (boots unavailable)
Stlth    ++........             s - amulet of guardian spirit
HPRegen  0.16/turn              i - ring of protection from cold
MPRegen  0.22/turn              l - +4 ring of evasion

@: no status effects
A: beak, talons 3, able to fly 1
a: Fly, Receive Corpses, Renounce Religion


You were on level 8 of the Dungeon.
You worshipped Kikubaaqudgha.
Kikubaaqudgha was pleased with you.
You were not hungry.

You visited 2 branches of the dungeon, and saw 9 of its levels.
You also visited: Sewer and Ossuary.

You collected 418 gold pieces.

Inventory:

Hand Weapons
 a - a +0 quarterstaff
Armour
 j - +0 steam dragon scales (worn)
 m - a +2 robe of cold resistance
 E - a +0 hat (worn)
 N - a +0 pair of gloves (worn)
Magical Staves
 b - an uncursed staff of power (weapon)
Jewellery
 i - a ring of protection from cold (left hand)
 l - a +4 ring of evasion (right hand)
 s - an amulet of guardian spirit (around neck)
 v - a +2 ring of protection {unknown}
 x - an uncursed ring of wizardry {unknown}
 y - a cursed -2 ring of strength {unknown}
 L - an uncursed ring of magical power {unknown}
Wands
 e - a wand of flame (32/48)
 n - a wand of disintegration (24/24)
 r - a wand of disintegration (8/24)
Scrolls
 g - a scroll of fear
 k - 3 scrolls of remove curse
 q - 2 scrolls of teleportation
 u - a scroll of recharging
 G - a scroll of noise {unknown}
 H - 2 scrolls of immolation {unknown}
 O - 2 scrolls of fog
Potions
 c - a potion of mutation {unknown}
 t - 8 potions of flight
 w - a potion of degeneration {unknown}
 z - a potion of invisibility
 A - a potion of brilliance
 B - 2 potions of cancellation {unknown}
 D - a potion of ambrosia {unknown}
 I - 3 potions of agility
 J - 3 potions of haste {unknown}
 K - a potion of might
Books
 o - Kikubaaqudgha's Grimoire of Evil Secrets
   (Kikubaaqudgha gifted it to you in an ossuary)

   Spells                             Type                      Level
   a - Pain                           Necromancy                   1
   b - Corpse Rot                     Necromancy                   2
   c - Sublimation of Blood           Necromancy                   2
   d - Vampiric Draining              Necromancy                   3
   e - Control Undead                 Necromancy                   4
Comestibles
 d - 6 bread rations
 f - 5 meat rations
 h - 2 royal jellies
 F - a fruit


   Skills:
 + Level 1.8 Fighting
 - Level 8.0 Staves
 - Level 2.1 Dodging
 - Level 2.0 Stealth
 - Level 3.4 Spellcasting
 - Level 8.4 Conjurations
   Level 1.2 Summonings
 - Level 0.7 Translocations
 - Level 8.4 Air Magic
 - Level 3.0 Poison Magic


You had 6 spell levels left.
You knew the following spells:

 Your Spells              Type           Power        Failure   Level  Hunger
a - Magic Dart            Conj           ####         1%          1    None
b - Mephitic Cloud        Conj/Pois/Air  ####....     2%          3    ###....
c - Poisonous Vapours     Pois/Air       ####..       1%          2    ##.....
d - Blink                 Tloc           N/A          14%         2    ##.....


Dungeon Overview and Level Annotations

Branches:
Dungeon (8/15)             Temple (1/1) D:6
   Lair: D:8-11

Altars:
Cheibriados
Dithmenos
Fedhas
Gozag
Kikubaaqudgha
Makhleb
Nemelex Xobeh
Ru
Sif Muna
Trog
Uskayaw
Vehumet
Wu Jian
Xom
Yredelemnul
Zin
The Shining One


Innate Abilities, Weirdness & Mutations

You have a beak for a mouth.
You have claws for feet.
You can fly.


Message History

Confirm with . or Enter, or press ? or * to list all spells.
Aiming: Magic Dart
Press: ? - help, Shift-Dir - straight line, f/p - two-headed ogre
Aim: a two-headed ogre, wielding two giant clubs (heavily wounded, poisoned)
The magic dart hits the two-headed ogre.
The two-headed ogre is heavily wounded.
The two-headed ogre misses you.
The two-headed ogre hits you with a giant club!
Casting: Magic Dart
Confirm with . or Enter, or press ? or * to list all spells.
Aiming: Poisonous Vapours
Press: ? - help, Dir - move target cursor, f/p - two-headed ogre
Aim: a two-headed ogre, wielding two giant clubs (severely wounded, poisoned) Poisonous vapours surround the two-headed ogre!
The two-headed ogre is engulfed in poison gas.
The two-headed ogre looks even sicker.
The two-headed ogre completely misses you.
The two-headed ogre hits you with a giant club!!
You die...
Kikubaaqudgha rasps: "You have failed me!
Welcome... death!"

################
#..............#
#.############.#
#.###.# #<#
#..O@.# #.#
#.##### #.# #.#
#.# ..# ###


You could see a two-headed ogre.

Vanquished Creatures
  A hippogriff (D:7)
  A steam dragon (D:7)
  Purgy (Sewer)
  3 ogres
  2 sky beasts
  A phantom (D:4)
  A centaur (D:6)
  A bullfrog (D:7)
  A scorpion (D:6)
  3 killer bees (D:7)
  5 crimson imps
  A bullfrog zombie (D:5)
  2 hounds
  A jelly (D:5)
  5 orc wizards
  An iguana (D:6)
  6 orc priests
  Jessica (D:2)
  A bullfrog skeleton (D:7)
  4 worker ants
  6 big kobold zombies (Ossuary)
  A mummy (Ossuary)
  A worker ant zombie (D:7)
  Robin (D:4)
  12 adders
  2 river rats (D:4)
  A shadow imp (D:6)
  4 worms
  2 dart slugs
  6 leopard geckos
  31 orcs
  3 spectral bats (Ossuary)
  5 bats
  5 giant cockroaches
  6 gnoll zombies (Ossuary)
  16 goblins
  8 hobgoblins
  3 jackals (D:2)
  2 quokkas
  2 ball pythons
  3 bat simulacra (Ossuary)
  7 frilled lizards
  4 goblin zombies (Ossuary)
  6 hobgoblin zombies (Ossuary)
  A jackal skeleton (D:5)
  5 kobolds
  8 kobold simulacra (Ossuary)
  5 kobold zombies (Ossuary)
  3 orc zombies (Ossuary)
  A quokka zombie (D:5)
  7 rats
  3 rat simulacra (Ossuary)
  4 spectral goblins (Ossuary)
  3 spectral kobolds (Ossuary)
  3 spectral rats (Ossuary)
222 creatures vanquished.

Notes
Turn   | Place    | Note
-------+----------+-------------------------------------------
     0 | D:1      | wazuzu the Tengu Wizard began the quest for the Orb.
     0 | D:1      | Reached XP level 1. HP: 10/10 MP: 5/5
   253 | D:1      | Reached XP level 2. HP: 15/15 MP: 2/7
   754 | D:2      | Reached XP level 3. HP: 8/19 MP: 1/8
  1231 | D:2      | Noticed Jessica
  1234 | D:2      | Killed Jessica
  1234 | D:2      | Reached XP level 4. HP: 24/24 MP: 6/10
  1624 | D:2      | Reached skill level 5 in Conjurations
  1905 | D:3      | Gained mutation: You can fly. [Tengu growth]
  1905 | D:3      | Reached XP level 5. HP: 28/28 MP: 4/11
  2868 | D:4      | Reached XP level 6. HP: 27/32 MP: 7/12
  2922 | D:4      | Found a glowing drain.
  2926 | Sewer    | Entered a sewer
  2942 | Sewer    | Noticed Purgy
  2962 | Sewer    | Killed Purgy
  3438 | D:4      | Noticed a phantom
  3447 | D:4      | Killed a phantom
  3447 | D:4      | Reached XP level 7. HP: 34/36 MP: 3/13
  3582 | D:4      | Found a glowing silver altar of Zin.
  3970 | D:4      | Noticed Robin
  4056 | D:4      | Killed Robin
  4596 | D:5      | Entered Level 5 of the Dungeon
  4621 | D:5      | Learned a level 3 spell: Mephitic Cloud
  4955 | D:5      | Reached skill level 5 in Staves
  4962 | D:5      | Reached XP level 8. HP: 19/41 MP: 3/14
  5524 | D:5      | Learned a level 2 spell: Blink
  6221 | D:6      | Identified Gijot's Disquisition on the Gliding Voyage
  6601 | D:6      | Reached skill level 1 in Air Magic
  6787 | D:6      | Found a staircase to the Ecumenical Temple.
  6803 | Temple   | Entered the Ecumenical Temple
  6880 | Temple   | Became a worshipper of Kikubaaqudgha
  6886 | Temple   | Learned a level 2 spell: Poisonous Vapours
  7383 | D:6      | Reached skill level 5 in Air Magic
  7537 | D:7      | Reached skill level 1 in Poison Magic
  7537 | D:7      | Reached XP level 9. HP: 39/45 MP: 2/15
  7635 | D:7      | Found a radiant altar of Vehumet.
  7674 | D:7      | Found a sand-covered staircase.
  7717 | Ossuary  | Entered an ossuary
  7788 | Ossuary  | Reached * piety under Kikubaaqudgha
  7788 | Ossuary  | Identified Kikubaaqudgha's Grimoire of Evil Secrets (Kikubaaqudgha gifted it to you in an ossuary)
  7788 | Ossuary  | Received a gift from Kikubaaqudgha
  8360 | Ossuary  | Reached ** piety under Kikubaaqudgha
  9042 | D:7      | Reached skill level 1 in Fighting
  9204 | D:8      | Noticed a two-headed ogre
  9214 | D:8      | Slain by a two-headed ogre

Vault maps used:
D:1:      dpeg_arrival_shrine, minivault_25, hex_medium
D:2:      uniq_jessica
D:4:      overflow_temple_1_default, gup_sewer_entry_spiral, first_bread,
          uniq_robin
D:6:      minmay_temple_entry_water_ring
D:7:      vehumet_crystals, nicolae_ossuary_entry_false_entrances
D:8:      due_lair_maze_entry_diamond, hangedman_pestilent_swarm
Temple:   eino_temple_rhombus
Sewer:    sewer_co_purgy_island
Ossuary:  ossuary_zaba_two_paths

Skill      XL: |  1  2  3  4  5  6  7  8  9 |
---------------+----------------------------+-----
Conjurations   | 2 3 4 5 7 8 |  8.4
Staves         | 2 6 8 |  8.0
Air Magic      | 5 8 |  8.4
Poison Magic   | 1 3 |  3.0
Fighting       | 1 |  1.8
Dodging        | |  2.1
Stealth        | |  2.0
Spellcasting   | |  3.4
Summonings     | |  1.2
Translocations | |  0.7

Action                   |  1- 3 |  4- 6 |  7- 9 || total
-------------------------+-------+-------+-------++-------
Melee: Unarmed           |     7 |     2 |       ||     9
       Kick              |     3 |     2 |    43 ||    48
       Peck              |     2 |     2 |    20 ||    24
       Quarterstaff      |       |    10 |   203 ||   213
       Staff             |       |       |     8 ||     8
 Cast: Magic Dart        |    57 |   164 |   327 ||   548
       Mephitic Cloud    |       |       |     2 ||     2
       Poisonous Vapours |       |       |    31 ||    31
       Blink             |       |       |     3 ||     3
 Abil: Fly               |       |     1 |       ||     1
  Use: Scroll            |       |     6 |     8 ||    14
       Potion            |       |     2 |     6 ||     8
 Stab: Sleeping          |       |       |     8 ||     8
  Eat: Chunk             |     1 |     7 |    16 ||    24
       Fruit             |       |       |     3 ||     3
Armor: Robe              |     4 |    13 |    41 ||    58
       Steam dragon scal |       |       |     2 ||     2
Dodge: Dodged            |    16 |    59 |   275 ||   350
